 Dungeon Crawl Stone Soup version 0.21-a0-215-g0631661 (webtiles) character file.

183 FrankyJ the Charmwright (level 5, -1/41 HPs)
             Began as a Ghoul Skald on Aug 22, 2017.
             Slain by a goblin
             ... wielding a cursed -3 club
              (2 damage)
             ... on level 3 of the Dungeon.
             The game lasted 00:08:18 (3368 turns).

FrankyJ the Charmwright (Ghoul Skald)               Turns: 3368, Time: 00:08:19

Health: -1/41      AC:  4    Str: 16    XL:     5   Next: 62%
Magic:  2/9        EV: 11    Int:  8    God:
Gold:   105        SH:  0    Dex:  8    Spells: 5/11 levels left

rFire    . . .     SeeInvis .     - Unarmed
rCold    + + .     Gourm    .   (no shield)
rNeg     + + +     Faith    .   a - +1 leather armour
rPois    ∞         Spirit   .   (no helmet)
rElec    .         Reflect  .   (no cloak)
rCorr    .         Harm     .   (no gloves)
MR       .....                  (no boots)
Stlth    +.........             g - amulet of magic regeneration
HPRegen  0.00/turn              i - ring of flight
MPRegen  0.36/turn              o - ring of protection from cold

@: infused, rotting
A: rotting body, claws 1, carnivore 3, cold resistance 1, negative energy
resistance 3, inhibited regeneration, torment resistance, unbreathing
a: Evoke Flight


You were on level 3 of the Dungeon.
You were not hungry.

You visited 1 branch of the dungeon, and saw 4 of its levels.

You collected 105 gold pieces.

Inventory:

Missiles
 k - 35 poisoned needles
Armour
 a - a +1 leather armour (worn)
Jewellery
 g - an amulet of magic regeneration (around neck)
 i - a ring of flight (left claw)
 o - a ring of protection from cold (right claw)
Wands
 n - a wand of iceblast (8/15)
Scrolls
 d - 2 scrolls of identify
 f - a scroll of teleportation {unknown}
 j - a scroll of fear {unknown}
 q - a scroll of remove curse
Potions
 e - 2 potions of mutation
 m - a potion of flight {unknown}
Books
 b - a book of Battle

   Spells                             Type                      Level
   a - Infusion                       Charms                       1
   b - Shroud of Golubria             Charms/Translocation         2
   c - Song of Slaying                Charms                       2
   d - Spectral Weapon                Hexes/Charms                 3
   e - Regeneration                   Charms/Necromancy            3
Comestibles
 c - 2 meat rations
 h - 3 royal jellies
 l - 4 chunks of flesh


   Skills:
 - Level 2.1 Fighting
 - Level 0.8 Armour
 - Level 1.7 Dodging
 - Level 2.1 Unarmed Combat
 + Level 3.7 Spellcasting
 - Level 4.1 Charms


You had 5 spell levels left.
You knew the following spells:

 Your Spells              Type           Power        Failure   Level  Hunger
a - Infusion              Chrm           #...         7%          1    ##.....
b - Shroud of Golubria    Chrm/Tloc      #.........   24%         2    ###....
c - Regeneration          Chrm/Necr      #.........   43%         3    ####...


Dungeon Overview and Level Annotations

Branches:
Dungeon (4/15)
 Temple: D:4-7

Altars:
Elyvilon
Gozag

Shops:
D:2 *

Annotations:
D:3 Grinder


Innate Abilities, Weirdness & Mutations

Your body is rotting away.
You thrive on raw meat.
You are immune to poison.
You have sharp fingernails.
You are carnivorous and can eat meat at any time.
Your flesh is cold resistant. (rC+)
You are immune to negative energy. (rN+++)
You do not regenerate when monsters are visible.
You are immune to unholy pain and torment.
You can survive without breathing.


Message History

* * * LOW HITPOINT WARNING * * *
Casting: Infusion
Confirm with . or Enter, or press ? or * to list all spells.
Space distorts slightly along a thin shroud covering your body.
The hobgoblin closely misses you.
You completely miss the hobgoblin.
The hobgoblin is severely wounded.
The hobgoblin hits you with a club!
* * * LOW HITPOINT WARNING * * *
You scratch the hobgoblin.
The hobgoblin is almost dead.
The hobgoblin no longer looks unusually strong.
The goblin no longer looks unusually strong.
The hobgoblin hits you but does no damage.
You claw the hobgoblin!
You kill the hobgoblin!
You scratch the goblin.
The goblin is almost dead.
The goblin hits you with a club.
You die...

## ### .# #@#
.###############g#
...............)>#
.###############.#
.###########
#.###########
...........#
###...........#
.#########.#
#...........#.#
..# #.#
#.#######.###.#
..# ######.# #.#
#.%.#.#


You could see a goblin.

Vanquished Creatures
  A hound (D:3)
  Ijyb (D:3)
  Robin (D:3)
  3 adders
  A gnoll (D:3)
  2 oozes
  A worm (D:2)
  A leopard gecko (D:2)
  An orc (D:3)
  A ball python (D:1)
  4 bats
  2 giant cockroaches
  10 hobgoblins
  6 jackals
  7 frilled lizards
  12 goblins
  4 kobolds
  9 rats
67 creatures vanquished.

Vanquished Creatures (others)
  A hobgoblin (D:3)
  A quokka (D:3)
2 creatures vanquished.

Grand Total: 69 creatures vanquished

Notes
Turn   | Place    | Note
-------+----------+-------------------------------------------
     0 | D:1      | FrankyJ the Ghoul Skald began the quest for the Orb.
     0 | D:1      | Reached XP level 1. HP: 17/17 MP: 2/2
    72 | D:1      | Reached XP level 2. HP: 17/24 MP: 4/4
   122 | D:1      | Reached skill level 3 in Charms
   631 | D:1      | Reached XP level 3. HP: 26/29 MP: 5/5
   929 | D:2      | Learned a level 2 spell: Shroud of Golubria
   933 | D:2      | Learned a level 3 spell: Regeneration
  1063 | D:2      | Found Gozag's Platinum Reserve.
  1064 | D:2      | Found an opulent altar of Gozag.
  1784 | D:3      | Reached XP level 4. HP: 36/36 MP: 7/7
  1880 | D:3      | Noticed Ijyb
  1921 | D:3      | Killed Ijyb
  2098 | D:3      | Found a white marble altar of Elyvilon.
  2344 | D:3      | Noticed Grinder
  2347 | D:3      | Paralysed by Grinder for 4 turns
  2362 | D:3      | Paralysed by Grinder for 7 turns
  2372 | D:3      | Paralysed by Grinder for 5 turns
  2397 | D:3      | Paralysed by Grinder for 4 turns
  2653 | D:3      | Reached XP level 5. HP: 32/40 MP: 3/8
  3111 | D:4      | Noticed Robin
  3123 | D:3      | Reached skill level 4 in Charms
  3356 | D:3      | Killed Robin
  3365 | D:3      | HP: 1/41 [hobgoblin/club (8)]
  3368 | D:3      | Slain by a goblin

Vault maps used:
D:1:      dpeg_arrival_radiant, grunt_decor_mini_mirrors, minmay_pentomino_w4
D:2:      nicolae_gozag_zags_fifth_avenue, minmay_misc_feat_four_crosses
D:3:      elyvilon_altar_4, uniq_ijyb, uniq_grinder
D:4:      first_bread, minmay_goblin_outpost, uniq_robin, uniq_natasha

Skill      XL: |  1  2  3  4  5 |
---------------+----------------+-----
Spellcasting   | 2 3 |  3.7
Charms         | 3 4 |  4.1
Fighting       | |  2.1
Armour         | |  0.8
Dodging        | |  1.7
Unarmed Combat | |  2.1

Action                   |  1- 3 |  4- 6 || total
-------------------------+-------+-------++-------
Melee: Unarmed           |   118 |   129 ||   247
       Punch             |       |     1 ||     1
 Cast: Infusion          |     4 |    19 ||    23
       Shroud of Golubri |       |     3 ||     3
       Regeneration      |       |     3 ||     3
 Abil: Evoke Flight      |     2 |     1 ||     3
  Use: Scroll            |       |     5 ||     5
       Potion            |       |     4 ||     4
  Eat: Chunk             |     5 |     5 ||    10
Armor: Leather armour    |    24 |    35 ||    59
Dodge: Dodged            |    80 |   110 ||   190

Table legend:
 A = Spawn XP
 B = Non-spawn XP
 C = Spawn XP percentage of total XP
 D = Spawn monster count
 E = Non-spawn monster count
 F = Spawn count percentage of total count
 G = Total turns spent on level
                    A         B        C        D         E        F      G
               +---------+---------+-------+---------+---------+-------+---------
         Total |      50 |     212 |  19.1 |      13 |      54 |  19.4 |  3368
               +---------+---------+-------+---------+---------+-------+---------
           D:1 |       7 |      31 |  18.4 |       4 |      18 |  18.2 |   663
           D:2 |      24 |      31 |  43.6 |       6 |      12 |  33.3 |  1325
           D:3 |      19 |     150 |  11.2 |       3 |      24 |  11.1 |  1370
               +---------+---------+-------+---------+---------+-------+---------
